AoeStats
← V. Leonghis

Arena

509161203Analyzed
1v1 RM · 7d ago on Sep 25, 2026· 62m 35s· 2 players
Game mode
Random Map
Map size
Tiny (2 player)
Population
200
Speed
Normal
Resources
Standard
Victory
Conquest
Starting age
Dark Age
Ending age
Imperial Age
RankedLock teamsTeams togetherTeam positionsShared explorationLock speedFull tech treeHidden civsTurbo modeCheats
Victory
Defeat
🇹🇷 Khmer · Türkiye
860
+18
🇷🇺 Britons · Russia
900
-18
MaxopkuH
11:41 Feudal Age
15:57 Castle Age
14:07 Double-Bit Axe
14:08 Horse Collar
17:18 Wheelbarrow
16:56 Bow Saw
22:23 Loom
24:50 Fletching
25:00 Gold Mining
26:24 Gold Shaft Mining
26:12 Heavy Plow
30:20 Imperial Age
28:20 Bodkin Arrow
28:26 Scale Mail Armor
28:37 Forging
27:50 Pikeman
28:31 Squires
28:16 Gambesons
27:52 Man-at-Arms
29:48 Ballistics
29:19 Guard Tower
29:40 Masonry
30:09 Chain Mail Armor
30:28 Hand Cart
29:59 Town Watch
30:02 Arson
31:33 Iron Casting
30:21 Crossbowman
30:50 Long Swordsman
33:02 Chemistry
32:34 Architecture
31:51 Arrowslits
32:03 Two-Handed Swordsman
34:10 Keep
35:22 Two-Man Saw
34:48 Bracer
35:19 Plate Mail Armor
36:00 Champion
36:50 Warwolf
38:23 Conscription
41:33 Blast Furnace
43:29 Yeomen
45:04 Elite Longbowman
53:17 Padded Archer Armor
52:51 Halberdier
V. Leonghis
10:02 Feudal Age
10:35 Loom
11:07 Loom
13:26 Castle Age
11:54 Double-Bit Axe
13:59 Wheelbarrow
15:55 Bow Saw
19:15 Husbandry
20:51 Horse Collar
21:37 Heavy Plow
29:47 Imperial Age
27:09 Town Watch
28:40 Ballistics
28:34 Bloodlines
33:37 Double Crossbow
34:39 Light Cavalry
37:40 Chemistry
36:51 Siege Engineers
39:43 Heavy Scorpion
41:04 Hussar
42:03 Gold Mining
42:03 Stone Mining
42:35 Hand Cart
45:08 Town Patrol
45:22 Forging
45:19 Scale Barding Armor
49:18 Gold Shaft Mining
49:18 Stone Shaft Mining
50:30 Iron Casting
50:16 Chain Barding Armor
53:04 Blast Furnace
52:40 Plate Barding Armor
52:48 Murder Holes
54:45 Conscription
Connection lost

Rejoining the realm…

Still unreachable

The connection could not be restored.

Session expired

The server has moved on; the page needs a fresh start.